Map: Ruby Rock LE

Players

INexorable

  • Race: Terran Terran
  • Spawn Location: 5:00

A.I. 1 (Very Easy) - Winner!

  • Race: Protoss Protoss
  • Spawn Location: 11:00

VOD

Have the link to the VOD?

Description

Time

  • Played on: Dec. 29, 2025, 12:46 p.m.
  • Length: 3:27
Show
View Real Time Build Order
Export as new Build Order

INexorable Terran 

Build Orders:  

Get SALT Encoding   

  12  0:00  SCV  
  13  0:12  SCV  
  14  0:17  Supply Depot  
  14  0:24  SCV  
  15  0:39  Barracks  
  15  0:43  Refinery  
  15  0:57  Barracks  
  15  1:00  SCV  
  16  1:12  SCV  
  17  1:27  Barracks Tech Lab, Orbital Command  
  17  1:35  Supply Depot  
  17  1:44  Barracks Tech Lab  
  17  1:46  Marauder  
  19  1:53  SCV  
  20  1:54  Concussive Shells  
  20  2:03  Marauder  
  22  2:10  SCV  
  22  2:11  Marauder  
  25  2:18  Supply Depot  
  25  2:24  Marauder  
  25  2:27  SCV  
  28  2:34  Marauder  
  30  2:39  SCV  
  31  2:46  Refinery  
  31  2:47  Bunker  
  32  2:54  Marauder  
  33  2:59  Marauder  
  33  3:05  SCV  
  36  3:10  Supply Depot  
  36  3:21  Factory  
Show
View Real Time Build Order
Export as new Build Order

A.I. 1 (Very Easy) Protoss - Winner!

Build Orders:  

Get SALT Encoding   

  12  0:00  Probe  
  13  0:13  Probe  
  14  0:20  Pylon  
  14  0:36  Assimilator  
  14  0:43  Gateway  
  14  0:46  Pylon  
  14  1:13  Assimilator  
  14  1:22  Probe  
  14  1:30  Probe  
  14  1:32  Zealot  
  17  1:34  Cybernetics Core  
  17  1:38  Probe  
  19  1:49  Probe  
  20  1:59  Probe  
  21  2:07  Probe  
  22  2:41  Stalker  
  24  2:51  Pylon  
  22  3:06  Probe  
  22  3:11  Pylon  
  24  3:14  Probe  
Tags
 
Matchup
PvT
Spawn Locations
Cross Positions
Add a new tag
Caveats
  • Supply blocks, unpowered buildings, or Contaminate may cause inaccurate times.
  • Supply counts are checked every 10 seconds.